 Dungeon Crawl Stone Soup version 0.29.1-1-gd02db6906a (webtiles) character file.

Game seed: 13335958085702810235

80 LabCoat the Trooper (level 4, 0/41 HPs)
             Began as a Hill Orc Fighter on Oct 3, 2022.
             Slain by Natasha (8 damage)
             ... on level 2 of the Dungeon.
             The game lasted 00:03:30 (1101 turns).

LabCoat the Trooper (Hill Orc Fighter)              Turns: 1101, Time: 00:03:31

Health: 0/41       AC:  6    Str: 20    XL:     4   Next: 39%
Magic:  4/4        EV: 10    Int:  8    God:
Gold:   49         SH:  4    Dex: 10    Spells: 3/3 levels left

rFire   . . .      SeeInvis .   a - +0 war axe
rCold   . . .      Faith    .   c - +0 buckler
rNeg    . . .      Spirit   .   i - +1 ring mail {rPois}
rPois   +          Reflect  .   (no helmet)
rElec   .          Harm     .   (no cloak)
rCorr   .          Rampage  .   (no gloves)
Will    .....                   (no boots)
Stlth   ..........              (no amulet)
HPRegen 0.13/turn               (no ring)
MPRegen 0.09/turn               (no ring)

@: no status effects
A: no striking features
a: no special abilities


You were on level 2 of the Dungeon.
You visited 1 branch of the dungeon, and saw 2 of its levels.

You collected 49 gold pieces.

Inventory:

Hand Weapons
 a - a +0 war axe (weapon)
Armour
 c - a +0 buckler (worn)
 i - a +1 ring mail of poison resistance (worn)
Scrolls
 f - a scroll of fear {unknown}
 j - a scroll of poison {unknown}
Potions
 b - a potion of berserk rage {unknown}
 d - a potion of might
 e - a potion of haste {unknown}
 g - a potion of curing {unknown}
 h - a potion of flight {unknown}


   Skills:
 * Level 4.3 Fighting
 * Level 4.0 Axes
 + Level 1.0 Throwing
 + Level 3.6 Armour
 - Level 3.2 Shields
 + Level 1.3 Evocations


You had 3 spell levels left.
You didn't know any spells.
Your spell library was empty.

Dungeon Overview and Level Annotations

Branches:
Dungeon (2/15)

Altars:

Shops:
D:1 :

Annotations:
D:2 Natasha


Message History

Found 8 gold pieces.
The ball python hisses angrily.
You see here a +0 helmet.
Okay, then.
You block the ball python's attack. The ball python closely misses you.
The ball python bites you. The ball python grabs you.
The ball python constricts you.
You hit the ball python.
The ball python is severely wounded.
The ball python bites you but does no damage.
The ball python constricts you.
The ball python bites you but does no damage.
The ball python constricts you.
You barely miss the ball python.
The ball python is severely wounded.
The ball python closely misses you. The ball python constricts you.
The ball python bites you.
* * * LOW HITPOINT WARNING * * *
The ball python constricts you. The ball python closely misses you.
The ball python constricts you.
You completely miss the ball python.
The ball python is moderately wounded.
The ball python closely misses you. The ball python constricts you.
The ball python bites you but does no damage.
The ball python constricts you.
You slash the ball python!
You kill the ball python!
You feel yourself speed up.
You start resting.
Natasha, Servant of Life and Death comes into view.
Natasha stares at you and mumbles some strange words.
The magic dart hits you!
* * * LOW HITPOINT WARNING * * *
Natasha casts a spell at you. You resist with some effort.
You see here a ball python corpse.
Unknown command.
Natasha opens the door.
Natasha claws you!
You die...

..$.. #. ..$.# ....
... ....#####....
... #..........
.... ####..........
..... ..#.......#
.....##.#.).....#
#.....#h.[..†.#
#.....@.....).#
#.....#......##
#.....†.####.##
##......####..###
.........##......#
#.....######......#
#..... ####......#
###### #.........##
#.#........#


You could see Natasha.

Vanquished Creatures
  Natasha (twice) (D:2)
  A worm (D:2)
  4 ball pythons
  2 bats (D:1)
  4 goblins
  3 hobgoblins (D:1)
  2 jackals (D:2)
  5 kobolds
  A quokka (D:1)
  A frilled lizard (D:1)
  2 rats (D:1)
27 creatures vanquished.

Notes
Turn   | Place    | Note
-------+----------+-------------------------------------------
     0 | D:1      | LabCoat the Hill Orc Fighter began the quest for the Orb.
     0 | D:1      | Reached XP level 1. HP: 19/19 MP: 1/1
   176 | D:1      | Reached XP level 2. HP: 27/27 MP: 2/2
   357 | D:1      | Found Nior Sea's Book Shoppe.
   793 | D:2      | Noticed Natasha
   800 | D:2      | Killed Natasha
   801 | D:2      | Reached skill level 1 in Evocations
   801 | D:2      | Reached XP level 3. HP: 18/33 MP: 3/3
  1051 | D:2      | Noticed Natasha
  1061 | D:2      | Killed Natasha
  1062 | D:2      | Reached skill level 1 in Throwing
  1062 | D:2      | Reached XP level 4. HP: 13/41 MP: 4/4
  1094 | D:2      | Noticed Natasha
  1101 | D:2      | Slain by Natasha

Illustrated notes

Levels and vault maps discovered:
D:1:      ebering_trefoil_3fold, layout_loops_ring, serial_shops,
          nicolae_shop_window_shopping
D:2:      layout_basic, uniq_natasha, uniq_terence

Skill      XL: |  1  2  3 |
---------------+----------+-----
Axes           | 3 4 |  4.0
Fighting       | 4 |  4.3
Evocations     | 1 |  1.3
Throwing       | 1 |  1.0
Armour         | |  3.6
Shields        | |  3.2

Action                   |  1- 3 |  4- 6 || total
-------------------------+-------+-------++-------
Melee: War axe           |    76 |     4 ||    80
Armor: Scale mail        |    39 |       ||    39
       Ring mail         |     1 |     3 ||     4
Dodge: Dodged            |    31 |     4 ||    35
Block: Buckler           |    18 |     1 ||    19
